 Dungeon Crawl Stone Soup version 0.27.1-2-g3b301248ec (webtiles) character file.

Game seed: 154521524446554278

2610 TheGamechu the Destroyer (level 9, -2/69 HPs)
             Began as a Pale Draconian Conjurer on Sept 26, 2021.
             Slain by a vampire (3 damage)
             ... on level 6 of the Dungeon.
             The game lasted 00:30:29 (8763 turns).

TheGamechu the Destroyer (Pale Draconian Conjurer)  Turns: 8763, Time: 00:30:30

Health: -2/69      AC:  9    Str: 15    XL:     9   Next: 34%
Magic:  25/26      EV: 13    Int: 22    God:
Gold:   360        SH:  0    Dex: 10    Spells: 12/19 levels left

rFire    + . .     SeeInvis .   l - +1 lajatang of Dismemberment {holy, rElec Will++ MP+9 Stlth+}
rCold    . . .     Faith    .   (shield currently unavailable)
rNeg     . . .     Spirit   .   (armour unavailable)
rPois    .         Reflect  .   (helmet restricted)
rElec    +         Harm     .   h - +0 cloak
rCorr    .         Rampage  .   (no gloves)
Will     ++...                  s - +0 pair of boots
Stlth    +++.......             (no amulet)
HPRegen  0.21/turn              t - ring "Inasouju" {rF+ Str+6}
MPRegen  0.20/turn              m - ring of flight

@: flying
A: breathe steam, AC +7, unfitting armour, cold-blooded, steam resistance
a: Breathe Steam


You were on level 6 of the Dungeon.
You visited 1 branch of the dungeon, and saw 7 of its levels.
You also visited: Sewer.

You collected 360 gold pieces.

Inventory:

Hand Weapons
 l - the +1 lajatang of Dismemberment (weapon) {holy, rElec Will++ MP+9 Stlth+}
   (You acquired it on level 6 of the Dungeon)

   It has been blessed by the Shining One to cause great damage to the undead
   and demons.
   rElec:     It insulates you from electricity.
   MP:        It affects your magic capacity (+9).
   Will:      It greatly increases your willpower.
   Stlth:     It makes you more stealthy.
Missiles
 f - a throwing net
 i - 4 boomerangs
 j - 17 poisoned darts
Armour
 h - a +0 cloak (worn)
 s - a +0 pair of boots (worn)
Jewellery
 m - a ring of flight (right hand)
 t - the ring "Inasouju" (left hand) {rF+ Str+6}
   (You found it on level 6 of the Dungeon)

   [ring of strength]

   Str:       It affects your strength (+6).
   rF:        It protects you from fire.
Wands
 c - a wand of flame (15)
 q - a wand of iceblast (6)
 u - a wand of acid (8)
Scrolls
 a - a scroll of teleportation
 p - a scroll of fog
Potions
 b - a potion of curing
 d - a potion of might
 e - 2 potions of ambrosia
 g - 2 potions of invisibility {unknown}
 k - 2 potions of attraction {unknown}
 n - 3 potions of flight
 o - a potion of resistance {unknown}
 r - a potion of haste


   Skills:
 - Level 3.0 Fighting
 + Level 5.0 Staves
 + Level 5.4 Dodging
 - Level 1.7 Stealth
 + Level 5.6 Spellcasting
 * Level 8.8 Conjurations


You had 12 spell levels left.
You knew the following spells:

 Your Spells              Type           Power      Damage    Failure   Level
a - Magic Dart            Conj           100%       1d8       1%          1
b - Searing Ray           Conj           90%        3d6       1%          2
c - Iskenderun's Mystic   Conj/Tloc      25%        2d7       16%         4

Your spell library contained the following spells:

 Spells                   Type           Power      Damage    Failure   Level
 Dazzling Flash           Conj/Hex       50%        N/A       4%          3
 Animate Skeleton         Necr           12%        N/A       10%         1
 Freeze                   Ice            24%        1d5       10%         1
 Pain                     Necr           24%        1d5       10%         1
 Slow                     Hex            6%         N/A       14%         2
 Sublimation of Blood     Necr           3%         N/A       14%         2
 Wereblood                Tmut           6%         N/A       14%         2
 Fulminant Prism          Conj/Hex       12%        3d9       16%         4
 Hailstorm                Conj/Ice       25%        3d7       16%         4
 Confusing Touch          Hex            6%         N/A       28%         3
 Frozen Ramparts          Ice            12%        1d3       28%         3
 Vampiric Draining        Necr           3%         2d6       28%         3
 Summon Forest            Summ/Tloc      3%         N/A       95%         5
 Eringya's Noxious Bog    Tmut/Pois      3%         N/A       100%        6
 Summon Hydra             Summ           3%         N/A       100%        7


Dungeon Overview and Level Annotations

Branches:
Dungeon (7/15)              Sewer (visited)
 Temple: D:4-7

Altars:
Elyvilon


Innate Abilities, Weirdness & Mutations

You can breathe blasts of scalding, opaque steam.
Your pale cyan-grey scales are hard. (AC +7)
You cannot fit into any form of body armour.
You are cold-blooded and may be slowed by cold attacks.
You are immune to the effects of steam.


Message History

Something bites you.
Something draws strength from your injuries!
You hit something.
Your tail-slap misses something.
Something hits you! Something bites you but does no damage.
You barely miss something. You tail-slap something.
Something draws life force from you! Something hits you.
Something barely misses you.
A killer bee zombie comes into view.
You miss something.
The killer bee zombie hits you but does no damage.
Something hits you. Something bites you!
Something draws strength from your injuries!
The killer bee zombie hits you but does no damage.
You miss something.
The killer bee zombie closely misses you.
Something hits you.
* * * LOW HITPOINT WARNING * * *
Something bites you!
* * * LOW HITPOINT WARNING * * *
Something draws strength from your injuries!
The killer bee zombie barely misses you.
You have got your breath back.
The killer bee zombie hits you but does no damage.
Something completely misses you. Something bites you!
* * * LOW HITPOINT WARNING * * *
Something draws strength from your injuries!
The killer bee zombie barely misses you.
You fly upwards.
Reactivating autopickup.
There is a stone staircase leading down here.
You feel better. Something hits you.
* * * LOW HITPOINT WARNING * * *
Deactivating autopickup; reactivate with Ctrl-A.
Something bites you.
* * * LOW HITPOINT WARNING * * *
Something draws strength from your injuries!
Something hits you!
* * * LOW HITPOINT WARNING * * *
Something bites you.
You die...

### ####### ..#
#.....# ..#
#.###.# ..# #.#
#.# ..# #.# #.#
..# #.# #.# ..#
#######.# #.# ..#
#.......# #.#
..####.#########@#
................>#
..####.###########
..# #.# ..# #.#
######.# .......#
###############
#.............#


There were no monsters in sight!

Vanquished Creatures
  4 yaks (D:6)
  3 black bears (D:6)
  An orc warrior (D:6)
  2 ogres (D:4)
  A centaur (D:6)
  2 phantoms
  A kobold brigand (Sewer)
  A bullfrog (D:4)
  A scorpion (D:5)
  A gnoll sergeant (D:6)
  Blork the orc (D:4)
  A water moccasin skeleton (D:5)
  5 killer bees
  Crazy Yiuf (D:3)
  3 orc priests
  A gnoll shaman (D:6)
  3 hounds
  A centaur skeleton (D:4)
  2 iguanas
  An orc wizard (D:5)
  2 hound skeletons (D:4)
  10 adders
  10 gnolls (D:6)
  A white imp (D:6)
  A worm (D:3)
  3 dart slugs
  16 orcs
  11 bats
  11 endoplasms
  3 giant cockroaches
  6 goblins
  8 hobgoblins
  11 jackals
  9 kobolds
  3 quokkas
  10 ball pythons
  5 frilled lizards (D:1)
  14 rats
170 creatures vanquished.

Notes
Turn   | Place    | Note
-------+----------+-------------------------------------------
     0 | D:1      | TheGamechu the Draconian Conjurer began the quest for the
                  | Orb.
     0 | D:1      | Reached XP level 1. HP: 14/14 MP: 3/3
   366 | D:1      | Reached XP level 2. HP: 22/22 MP: 3/5
   503 | D:1      | Reached skill level 1 in Fighting
   777 | D:1      | Learned a level 2 spell: Searing Ray
   901 | D:1      | Reached XP level 3. HP: 28/28 MP: 2/6
  1201 | D:1      | Found a faded altar of an unknown god.
  1757 | D:2      | Noticed a phantom
  2252 | D:2      | Found a white marble altar of Elyvilon.
  2287 | D:2      | Reached XP level 4. HP: 36/36 MP: 4/8
  2871 | D:3      | Learned a level 4 spell: Iskenderun's Mystic Blast
  3897 | D:3      | Found a runed translucent door.
  3898 | D:3      | Noticed Crazy Yiuf
  4177 | D:3      | Killed Crazy Yiuf
  4178 | D:3      | Reached XP level 5. HP: 32/41 MP: 3/9
  4421 | D:4      | Noticed a phantom
  4432 | D:4      | Killed a phantom
  4433 | D:4      | Reached skill level 5 in Conjurations
  4497 | D:1      | Killed a phantom
  4498 | D:1      | Reached skill level 1 in Staves
  4498 | D:1      | Reached XP level 6. HP: 45/51 MP: 2/10
  4595 | D:4      | Noticed Blork the orc
  4651 | D:4      | Killed Blork the orc
  4923 | D:4      | Your scales start taking on a pale cyan-grey colour.
  4923 | D:4      | Reached XP level 7. HP: 57/57 MP: 7/12
  4923 | D:4      | Gained mutation: You are immune to the effects of steam.
                  | [Pale Draconian growth]
  5089 | D:4      | Reached skill level 6 in Conjurations
  5493 | D:5      | Entered Level 5 of the Dungeon
  5750 | D:5      | Found a glowing drain.
  5798 | Sewer    | Entered a sewer
  6156 | Sewer    | Found a white marble altar of Elyvilon.
  6498 | D:5      | Reached XP level 8. HP: 62/63 MP: 14/14
  6538 | D:5      | Reached skill level 7 in Conjurations
  7013 | D:6      | Reached skill level 5 in Spellcasting
  7013 | D:6      | Reached skill level 8 in Conjurations
  7145 | D:6      | Identified a scroll of acquirement
  7145 | D:6      | Acquired the +1 lajatang of Dismemberment {holy, rElec
                  | Will++ MP+9 Stlth+}
  7340 | D:6      | Reached skill level 5 in Dodging
  7501 | D:6      | Reached XP level 9. HP: 34/69 MP: 16/16
  7974 | D:6      | Identified the ring "Inasouju" {rF+ Str+6}
  8701 | D:6      | Reached skill level 5 in Staves
  8763 | D:6      | HP: 1/69 [something (8)]
  8763 | D:6      | Slain by a vampire

Illustrated notes

Levels and vault maps discovered:
D:1:      dpeg_cavernosity, layout_rooms,
          hellmonk_ecumenical_altar_inner_sanctum
D:2:      layout_loops_ring, basic_altar, chequers_mini_garden
D:3:      layout_basic, uniq_crazy_yiuf_cottage
D:4:      layout_layer_cave, uniq_blork_the_orc
D:5:      cheibrodos_iron_armory, layout_loops_corners, portal_sewer_entry_a
D:6:      layout_basic, minmay_misc_feat_diagonals
D:7:      layout_rooms, minmay_temple_entry_junction_2, enter_bailey_5

Skill      XL: |  1  2  3  4  5  6  7  8  9 |
---------------+----------------------------+-----
Dodging        | 2 3 4 5 |  5.4
Fighting       | 1 2 3 |  3.0
Spellcasting   | 3 4 5 |  5.6
Conjurations   | 5 6 8 |  8.8
Staves         | 1 2 3 4 5 |  5.0
Stealth        | |  1.7

Action                   |  1- 3 |  4- 6 |  7- 9 || total
-------------------------+-------+-------+-------++-------
Melee: Unarmed           |    20 |       |       ||    20
       Tailslap          |     1 |     4 |    12 ||    17
       Dagger            |    12 |       |       ||    12
       Long sword        |       |    24 |       ||    24
       Quarterstaff      |       |    19 |    62 ||    81
       Lajatang          |       |       |    27 ||    27
 Cast: Magic Dart        |    88 |    64 |    14 ||   166
       Searing Ray       |     2 |    12 |     9 ||    23
 Abil: Breathe Steam     |       |       |    33 ||    33
Evoke: Wand              |       |     1 |     1 ||     2
  Use: Scroll            |     1 |     5 |     4 ||    10
       Potion            |       |       |     5 ||     5
Armor: Skin              |    28 |    14 |    48 ||    90
Dodge: Dodged            |    42 |    43 |   116 ||   201
       Rpst.: Long sword |       |     7 |       ||     7
